 Dungeon Crawl Stone Soup version 0.23.2-1-ga50397a (webtiles) character file.

Game seed: 11372001712844377307

2606 IBeShadow the Quickloader (level 9, -8/57 HPs)
             Began as a Kobold Arcane Marksman on Apr 25, 2019.
             Was an Initiate of Okawaru.
             Mangled by a wolf (12 damage)
             ... led by Grum
             ... on level 7 of the Dungeon.
             The game lasted 00:42:39 (11977 turns).

IBeShadow the Quickloader (Kobold Arcane Marksman) Turns: 11977, Time: 00:42:40

Health: -8/57      AC:  6    Str: 12    XL:     9   Next: 90%
Magic:  16/17      EV: 15    Int: 20    God:    Okawaru [......]
Gold:   290        SH: 11    Dex: 19    Spells: 16/19 levels left

rFire    . . .     SeeInvis .   E - +2 short sword (speed)
rCold    . . .     Gourm    .   x - +5 buckler of the Gravedigger {Str+4}
rNeg     . . .     Faith    .   i - +0 leather armour
rPois    .         Spirit   .   j - +0 helmet (curse)
rElec    .         Reflect  .   m - scarf {repulsion}
rCorr    .         Harm     +   y - +1 pair of gloves
MR       .....                  (no boots)
Stlth    +.........             p - amulet of harm
HPRegen  0.19/turn              c - +4 ring of intelligence
MPRegen  0.15/turn              s - +3 ring of dexterity

@: very slightly contaminated, repel missiles
A: small, carnivore
a: Renounce Religion


You were on level 7 of the Dungeon.
You worshipped Okawaru.
Okawaru was noncommittal.
You were completely stuffed.

You visited 2 branches of the dungeon, and saw 9 of its levels.

You collected 290 gold pieces.

Inventory:

Hand Weapons
 a - a +0 hand crossbow
 A - a cursed -1 hunting sling
 E - a +2 short sword of speed (weapon)
Missiles
 d - 30 bolts
 F - 38 arrows
Armour
 e - a +0 robe
 i - a +0 leather armour (worn)
 j - a cursed +0 helmet (worn)
 m - a scarf of repulsion (worn)
 n - a +0 chain mail
 x - the +5 buckler of the Gravedigger (worn) {Str+4}
   (You found it on level 4 of the Dungeon)

   It affects your strength (+4).
 y - a +1 pair of gloves (worn)
Jewellery
 c - a +4 ring of intelligence (left hand)
 p - an amulet of harm (around neck)
 r - an uncursed ring of poison resistance
 s - a +3 ring of dexterity (right hand)
 C - an uncursed ring of fire
 D - an uncursed ring of fire
 I - a cursed ring of teleportation {unknown}
Wands
 v - a wand of digging (7)
 J - a wand of flame (17)
Scrolls
 b - 4 scrolls of teleportation
 o - 2 scrolls of blinking
 u - 4 scrolls of identify {unknown}
 B - a scroll of enchant weapon {unknown}
 H - 3 scrolls of remove curse
 K - a scroll of holy word {unknown}
Potions
 g - a potion of mutation {unknown}
 h - a potion of brilliance {unknown}
 k - a potion of berserk rage {unknown}
 l - a potion of ambrosia
 q - 2 potions of lignification {unknown}
 t - a potion of degeneration {unknown}
 w - 2 potions of haste {unknown}
 z - a potion of invisibility {unknown}
Comestibles
 f - 21 rations


   Skills:
 + Level 7.0 Fighting
 * Level 10.0 Crossbows
 - Level 2.4 Dodging
 + Level 4.0 Shields
 + Level 5.5 Spellcasting
 - Level 3.0 Hexes


You had 16 spell levels left.
You knew the following spells:

 Your Spells              Type           Power        Failure   Level  Hunger
a - Corona                Hex            ###....      4%          1    None
b - Slow                  Hex            ###.....     8%          2    None

Your spell library contained the following spells:

 Spells                   Type           Power        Failure   Level  Hunger
 Confusing Touch          Hex            ###...       4%          1    None
 Ensorcelled Hibernation  Hex/Ice        ##....       14%         2    None
 Confuse                  Hex            ###.....     14%         3    ##.....
 Tukima's Dance           Hex            ###.....     14%         3    ##.....
 Magic Dart               Conj           #...         17%         1    None
 Blink                    Tloc           N/A          26%         2    None
 Call Imp                 Summ           #.......     26%         2    None
 Dazzling Spray           Conj/Hex       ##....       26%         3    ##.....
 Inner Flame              Hex/Fire       ##......     26%         3    ##.....
 Portal Projectile        Hex/Tloc       ##....       26%         3    ##.....
 Cause Fear               Hex            ###.......   43%         4    ####...
 Conjure Flame            Conj/Fire      #.......     45%         3    ##.....
 Gell's Gravitas          Tloc           #.........   45%         3    ##.....
 Mephitic Cloud           Conj/Pois/Air  #.......     45%         3    ##.....
 Leda's Liquefaction      Hex/Erth       ##........   65%         4    ####...
 Petrify                  Tmut/Erth      #.......     86%         4    ####...
 Metabolic Englaciation   Hex/Ice        ##........   94%         5    #####..
 Yara's Violent Unravell  Hex/Tmut       ##........   94%         5    #####..


Dungeon Overview and Level Annotations

Branches:
Dungeon (8/15)             Temple (1/1) D:7
   Lair: D:8-11

Altars:
Ashenzari
Cheibriados
Dithmenos
Elyvilon
Fedhas
Gozag
Hepliaklqana
Makhleb
Nemelex Xobeh
Okawaru
Qazlal
Ru
Sif Muna
Uskayaw
Vehumet
Wu Jian
Xom
Yredelemnul
Zin
The Shining One

Annotations:
D:4 Pikel
D:7 Harold
D:8 Grum


Innate Abilities, Weirdness & Mutations

You are small and have problems with some larger weapons.
You are carnivorous and can eat meat at any time.


Message History

The wolf is heavily wounded.
The wolf bites you.
* * * LOW HITPOINT WARNING * * *
Casting: Slow (safe; 8% risk of failure)
Confirm with . or Enter, or press ? or * to list all spells.
Aiming: Corona (safe; 4% risk of failure)
Press: ? - help, Shift-Dir - straight line, f/p - wolf
Aim: a wolf (heavily wounded, slow, chance to defeat MR: 54%)
The wolf is outlined in light.
The wolf bites you!
* * * LOW HITPOINT WARNING * * *
There is an open door here.
The wolf stops glowing.
The wolf barely misses you.
Blink to where?
Press: ? - help, Dir - move target cursor, p - wolf You are very lightly contaminated with residual magic.
As you read the scroll of blinking, it crumbles to dust.
There is a stone staircase leading up here.
The wolf bites you!
You die...

#.........# ###############.###
#......# #.# ####### #.####.#
#.# #...... #.# #.# #.#
#######.#####
#.####.########.###.........###
#.#.).................###......
#.#.##..###รท##...##.#.......###
#.#.##..# #.#.@...#.#)......#
#.#.##..# #.##h..##.#.......#
#.......# #.........#......##
####.###.# ####...####......#
#........######.[.####.##.###
#.##.###.......>.......##.#
#.##.# #.######.).#######.#
#.##.###.# ##.....## #.##
#.##.#.#.# ##.......## #..##


You could see a wolf.

Vanquished Creatures
  Prince Ribbit (D:8)
  A hippogriff (D:8)
  An orc warrior (D:8)
  A phantom (D:7)
  A sky beast (D:7)
  An ice beast (D:6)
  3 centaurs
  5 ogres
  3 wolves (D:7)
  2 bullfrogs (D:7)
  A crimson imp (D:7)
  2 howler monkeys (D:5)
  A bullfrog skeleton (D:7)
  2 hounds
  An orc priest (D:7)
  9 orc wizards
  Jessica (D:2)
  An iguana (D:5)
  Ijyb (D:4)
  A killer bee zombie (D:6)
  Robin (D:4)
  3 gnolls (D:3)
  9 adders
  A shadow imp (D:6)
  2 oozes
  An adder skeleton (D:8)
  3 worms (D:2)
  2 dart slugs
  3 leopard geckos
  23 orcs
  5 bats
  4 giant cockroaches
  15 goblins
  9 hobgoblins
  A quokka (D:3)
  A ball python (D:5)
  9 frilled lizards
  A giant cockroach zombie (D:6)
  A jackal skeleton (D:8)
  4 kobolds
  6 rats
143 creatures vanquished.

Notes
Turn   | Place    | Note
-------+----------+-------------------------------------------
     0 | D:1      | IBeShadow the Kobold Arcane Marksman began the quest for
                  | the Orb.
     0 | D:1      | Reached XP level 1. HP: 12/12 MP: 2/2
   273 | D:1      | Reached XP level 2. HP: 17/17 MP: 3/3
   366 | D:1      | Reached skill level 3 in Crossbows
  1039 | D:1      | Reached XP level 3. HP: 21/21 MP: 4/4
  1791 | D:2      | HP: 1/22 [orc wizard/puff of flame (11)]
  1804 | D:2      | HP: 1/22 [orc wizard/magic dart (6)]
  1812 | D:2      | Reached XP level 4. HP: 15/27 MP: 4/6
  1818 | D:2      | Reached skill level 4 in Crossbows
  2263 | D:2      | Noticed Jessica
  2273 | D:2      | Killed Jessica
  2273 | D:2      | Reached XP level 5. HP: 32/32 MP: 7/7
  3059 | D:2      | Learned a level 2 spell: Slow
  3620 | D:3      | Found a white marble altar of Elyvilon.
  4734 | D:3      | Found a basalt altar of Yredelemnul.
  4787 | D:3      | Reached XP level 6. HP: 36/38 MP: 7/9
  4800 | D:3      | Reached skill level 5 in Crossbows
  4896 | D:3      | Found a faded altar of an unknown god.
  5165 | D:4      | Noticed Ijyb
  5185 | D:4      | Killed Ijyb
  5667 | D:4      | Got a slimy buckler
  5674 | D:4      | Identified the +5 buckler of the Gravedigger {Str+4} (You
                  | found it on level 4 of the Dungeon)
  5798 | D:4      | Noticed a slave
  5939 | D:4      | Noticed Robin
  5952 | D:4      | Killed Robin
  6071 | D:4      | Noticed Pikel
  6071 | D:4      | Noticed a slave
  6071 | D:4      | Noticed a slave
  6075 | D:4      | Noticed a slave
  6936 | D:5      | Entered Level 5 of the Dungeon
  6987 | D:5      | Reached XP level 7. HP: 32/44 MP: 8/11
  7228 | D:5      | Found a deep blue altar of Sif Muna.
  7355 | D:5      | Reached skill level 1 in Shields
  7626 | D:5      | Reached skill level 6 in Crossbows
  7759 | D:5      | Found a stormy altar of Qazlal.
  8180 | D:6      | Reached skill level 5 in Fighting
  8187 | D:6      | Reached XP level 8. HP: 48/49 MP: 10/13
  8324 | D:6      | Reached skill level 7 in Crossbows
  9489 | D:7      | Reached skill level 8 in Crossbows
  9526 | D:7      | Found a staircase to the Ecumenical Temple.
  9535 | D:7      | Reached XP level 9. HP: 47/55 MP: 12/15
  9696 | Temple   | Entered the Ecumenical Temple
 10549 | D:7      | Noticed Harold
 10616 | D:8      | Noticed Prince Ribbit
 10637 | D:8      | Killed Prince Ribbit
 10637 | D:8      | Reached skill level 9 in Crossbows
 10665 | D:8      | Reached skill level 5 in Spellcasting
 11191 | D:8      | Noticed a hippogriff
 11225 | D:8      | Killed a hippogriff
 11405 | D:8      | Found an iron altar of Okawaru.
 11415 | D:8      | Became a worshipper of Warmaster Okawaru
 11635 | D:8      | Noticed Grum
 11943 | D:7      | Reached skill level 10 in Crossbows
 11953 | D:7      | HP: 2/57 [wolf[Grum] (8)]
 11964 | D:7      | HP: 1/57 [wolf[Grum] (9)]
 11977 | D:7      | Mangled by a wolf

Skill      XL: |  1  2  3  4  5  6  7  8  9 |
---------------+----------------------------+-----
Crossbows      | 3 4 5 6 8 10 | 10.0
Fighting       | 2 3 4 5 6 7 |  7.0
Spellcasting   | 2 3 4 5 |  5.5
Shields        | 1 2 4 |  4.0
Dodging        | |  2.4
Hexes          | |  3.0

Action                   |  1- 3 |  4- 6 |  7- 9 || total
-------------------------+-------+-------+-------++-------
Melee: Hand crossbow     |     4 |       |       ||     4
       Short sword       |    65 |   206 |   263 ||   534
 Fire: Hand crossbow     |    31 |   116 |   146 ||   293
 Cast: Corona            |       |    22 |    43 ||    65
       Slow              |       |    19 |    18 ||    37
  Use: Potion            |     2 |     6 |     2 ||    10
       Scroll            |       |     5 |     1 ||     6
 Stab: Sleeping          |     2 |     1 |       ||     3
  Eat: Chunk             |    11 |    16 |    18 ||    45
Armor: Robe              |    16 |    23 |       ||    39
       Leather armour    |       |     6 |    36 ||    42
Dodge: Dodged            |    89 |   177 |   145 ||   411
       Deflected         |       |     1 |     1 ||     2
Block: Buckler           |       |    42 |   182 ||   224
